AoeStats
← waw15

African Clearing

504753176Analyzed
4v4 RM · 24d ago on Sep 6, 2026· 82m 57s· 8 players
Game mode
Random Map
Map size
Large (8 player)
Population
200
Speed
Normal
Resources
Standard
Victory
Conquest
Starting age
Dark Age
Ending age
Imperial Age
RankedLock teamsTeams togetherTeam positionsShared explorationLock speedFull tech treeHidden civsTurbo modeCheats
Victory
Defeat
🇬🇧 Japanese · United Kingdom
920
+14
🇵🇱 Malay · Poland
884
+16
🇫🇷 Magyars · France
860
+17
🇹🇷 Cumans · Türkiye
839
+17
🇬🇧 Huns · United Kingdom
906
-17
🇩🇪 Chinese · Germany
890
-17
🇲🇽 Mongols · Mexico
860
-15
🇮🇩 Persians · Indonesia
860
-15
ZurOurs
5:19 Loom
14:45 Feudal Age
15:58 Double-Bit Axe
17:16 Bloodlines
19:50 Wheelbarrow
21:56 Scale Barding Armor
24:58 Castle Age
24:58 Scale Mail Armor
25:08 Pikeman
27:45 Chain Mail Armor
31:51 Fletching
36:06 Corvinian Army
37:09 Bow Saw
64:04 Hand Cart
67:50 Chain Barding Armor
70:04 Imperial Age
70:44 Ballistics
72:00 Chemistry
71:10 Masonry
71:01 Gold Mining
72:12 Two-Man Saw
75:46 Plate Barding Armor
78:22 Gold Shaft Mining
77:37 Stone Mining
77:58 Husbandry
79:06 Elite Magyar Huszar
waw15
13:18 Feudal Age
13:27 Loom
17:42 Castle Age
16:47 Wheelbarrow
16:30 Stone Mining
17:38 Double-Bit Axe
17:35 Horse Collar
18:40 Pikeman
23:09 Fletching
26:35 Yasama
27:53 Forging
29:54 Ballistics
30:18 Bodkin Arrow
31:38 Guard Tower
33:53 Iron Casting
33:18 Scale Mail Armor
33:56 Padded Archer Armor
34:08 Heavy Plow
38:41 Imperial Age
36:45 Bow Saw
39:31 Chain Mail Armor
41:44 Keep
42:09 Chemistry
44:28 Heavy Scorpion
49:03 Elite Samurai
54:57 Bracer
55:13 Leather Archer Armor
55:58 Blast Furnace
67:48 Arrowslits
79:58 Spies/Treason
81:52 Fortified Wall
81:53 Masonry
81:54 Careening
81:50 Siege Engineers
82:04 Hand Cart
81:34 Town Watch
82:29 Hoardings
81:58 Squires
81:18 Man-at-Arms
PiotrekEs
6:54 Loom
14:20 Feudal Age
15:18 Double-Bit Axe
18:49 Castle Age
20:26 Bow Saw
22:09 Fishing Lines
23:12 Gillnets
24:41 Wheelbarrow
33:02 Hand Cart
34:52 Husbandry
38:07 Imperial Age
36:58 Gold Mining
36:58 Stone Mining
36:59 Horse Collar
37:39 Forging
37:34 Scale Barding Armor
37:22 Fletching
38:28 Conscription
39:34 Gold Shaft Mining
39:23 Heavy Plow
40:55 Chemistry
39:38 Treadmill Crane
41:25 Masonry
41:43 Elite Battle Elephant
44:09 Stone Shaft Mining
44:21 Forced Levy
64:56 Bodkin Arrow
65:37 Iron Casting
65:03 Padded Archer Armor
72:04 Elite Karambit Warrior
72:47 Thalassocracy
72:48 Forced Levy
76:10 Blast Furnace
75:10 Bracer
75:26 Leather Archer Armor
75:25 Siege Engineers
75:41 Ballistics
75:16 Murder Holes
75:12 Guard Tower
75:43 Bombard Tower
75:14 Heated Shot
78:33 Spies/Treason
Oguz CareVia
16:22 Feudal Age
14:38 Loom
17:19 Double-Bit Axe
20:29 Stone Mining
20:53 Gold Mining
25:39 Castle Age
26:30 Man-at-Arms
27:15 Long Swordsman
29:27 Arson
32:22 Fletching
32:33 Padded Archer Armor
33:36 Gold Shaft Mining
33:16 Bow Saw
37:16 Horse Collar
40:18 Ballistics
43:14 Imperial Age
42:26 Steppe Husbandry
45:03 Chemistry
44:27 Scale Barding Armor
44:33 Forging
44:39 Leather Archer Armor
44:19 Bodkin Arrow
45:35 Heavy Plow
46:47 Two-Man Saw
46:24 Wheelbarrow
46:53 Elite Steppe Lancer
49:03 Conscription
55:02 Chain Barding Armor
55:18 Iron Casting
56:24 Elite Kipchak
64:50 Ring Archer Armor
64:22 Scale Mail Armor
65:22 Blast Furnace
64:58 Plate Barding Armor
70:59 Hand Cart
71:03 Chain Mail Armor
79:15 Spies/Treason
OldFlesty
3:22 Loom
16:09 Feudal Age
17:33 Wheelbarrow
20:57 Castle Age
20:46 Double-Bit Axe
20:46 Horse Collar
21:53 Hand Cart
23:08 Town Watch
27:15 Bow Saw
27:48 Stone Mining
35:20 Imperial Age
35:23 Forging
38:09 Conscription
39:11 Town Patrol
39:55 Fletching
40:06 Padded Archer Armor
40:42 Iron Casting
40:08 Scale Mail Armor
41:33 Bodkin Arrow
41:51 Pikeman
43:35 Blast Furnace
44:00 Heavy Cavalry Archer
47:33 Parthian Tactics
51:45 Bracer
71:46 Gold Mining
72:30 Thumb Ring
72:50 Thumb Ring
74:07 Elite Skirmisher
78:35 Light Cavalry
78:44 Light Cavalry
80:22 Bloodlines
Pascha_Otto
4:21 Loom
15:44 Feudal Age
16:37 Horse Collar
16:50 Double-Bit Axe
16:58 Gold Mining
18:22 Stone Mining
20:57 Scale Mail Armor
21:32 Bloodlines
22:06 Scale Barding Armor
22:41 Forging
25:15 Town Watch
28:12 Castle Age
27:56 Wheelbarrow
27:31 Padded Archer Armor
28:26 Fletching
29:03 Thumb Ring
28:21 Light Cavalry
29:12 Heavy Plow
28:59 Crossbowman
30:10 Bow Saw
30:08 Squires
34:23 Stone Shaft Mining
34:26 Gold Shaft Mining
33:50 Bodkin Arrow
34:07 Fortified Wall
33:55 Murder Holes
35:41 Leather Archer Armor
38:53 Imperial Age
38:27 Great Wall
40:18 Arbalester
41:40 Elite Skirmisher
44:04 Hand Cart
44:04 Town Patrol
44:22 Chain Mail Armor
44:33 Bracer
46:10 Two-Man Saw
46:53 Ring Archer Armor
60:24 Husbandry
59:45 Cavalier
65:38 Plate Mail Armor
65:43 Iron Casting
65:29 Chain Barding Armor
flying ñonga
3:25 Loom
13:47 Feudal Age
18:59 Castle Age
18:09 Bloodlines
21:06 Wheelbarrow
21:31 Husbandry
23:02 Forging
23:32 Town Watch
25:59 Scale Barding Armor
27:45 Fletching
30:11 Hand Cart
33:16 Ballistics
33:42 Bodkin Arrow
36:33 Chain Barding Armor
41:05 Imperial Age
40:16 Crossbowman
41:02 Thumb Ring
41:17 Elite Mangudai
42:33 Conscription
43:59 Bracer
44:06 Capped Ram
46:15 Chemistry
47:43 Light Cavalry
49:13 Drill
50:14 Siege Engineers
50:23 Thumb Ring
52:05 Hussar
53:21 Iron Casting
55:18 Town Patrol
55:52 Heavy Scorpion
56:43 Siege Ram
61:53 Blast Furnace
AdiSetya
22:06 Feudal Age
29:53 Castle Age
27:44 Double-Bit Axe
27:43 Horse Collar
30:31 Gold Mining
30:32 Stone Mining
32:35 Stone Shaft Mining
36:25 Kamandaran
40:04 Crossbowman
41:53 Thumb Ring
42:06 Forging
41:46 Fletching
41:57 Padded Archer Armor
44:41 Bow Saw
47:56 Imperial Age
48:23 Iron Casting
47:43 Bodkin Arrow
47:49 Padded Archer Armor
48:04 Masonry
48:16 Ballistics
57:58 Two-Man Saw
57:04 Heavy Plow
58:10 Blast Furnace
57:26 Leather Archer Armor
59:00 Conscription
59:21 Elite War Elephant
62:03 Chemistry
61:23 Onager
70:53 Ring Archer Armor
Connection lost

Rejoining the realm…

Still unreachable

The connection could not be restored.

Session expired

The server has moved on; the page needs a fresh start.